 Dungeon Crawl Stone Soup version 0.24.0-37-gcf1ca852f1 (webtiles) character file.

Game seed: 10684197525596210423, levelgen mode: deterministic

359 PentaManta the Sneak (level 6, -1/48 HPs)
             Began as a Vampire Monk on Dec 6, 2019.
             Slain by an orc
             ... wielding a +0 club
              (3 damage)
             ... on level 2 of the Dungeon.
             The game lasted 00:03:11 (1447 turns).

PentaManta the Sneak (Vampire Monk)                 Turns: 1447, Time: 00:03:12

Health: -1/48      AC:  2    Str: 12    XL:     6   Next: 37%
Magic:  6/6        EV: 15    Int: 13    God:
Gold:   117        SH:  0    Dex: 16    Spells: 5/5 levels left

rFire    . . .     SeeInvis +   a - +0 short sword
rCold    . . .     Gourm    .   (no shield)
rNeg     . . .     Faith    .   b - +0 robe
rPois    .         Spirit   .   (no helmet)
rElec    .         Reflect  .   (no cloak)
rCorr    .         Harm     .   (no gloves)
MR       .....                  (no boots)
Stlth    +++.......             (no amulet)
HPRegen  0.36/turn              (no ring)
MPRegen  0.10/turn              (no ring)

@: flying, regenerating quickly
A: no food, fangs 3, see invisible, unbreathing
a: Exsanguinate


You were on level 2 of the Dungeon.
You were alive.

You visited 1 branch of the dungeon, and saw 3 of its levels.

You collected 117 gold pieces.

Inventory:

Hand Weapons
 a - a +0 short sword (weapon)
 j - a +1 dagger of venom
 m - a +0 long sword
Armour
 b - a +0 robe (worn)
Scrolls
 d - 4 scrolls of identify {unknown}
 e - 2 scrolls of teleportation {unknown}
 f - 2 scrolls of amnesia {unknown}
 h - a scroll of blinking {unknown}
 i - 2 scrolls of fog {unknown}
 l - 3 scrolls of fear {unknown}
 n - a scroll of magic mapping {unknown}
Potions
 g - 2 potions of curing {unknown}
 k - a potion of haste {unknown}


   Skills:
 + Level 4.0 Fighting
 + Level 4.8 Short Blades
 + Level 4.8 Dodging
 + Level 5.9 Stealth


You had 5 spell levels left.
You didn't know any spells.
Your spell library was empty.

Dungeon Overview and Level Annotations

Branches:
Dungeon (3/15)

Altars:
Ashenzari
Nemelex Xobeh
Trog


Innate Abilities, Weirdness & Mutations

You do not eat.
Your natural rate of healing is unusually fast.
You have razor-sharp teeth.
You have supernaturally acute eyesight. (SInv)
You can survive without breathing.


Message History

The orc priest is severely wounded.
The orc priest hits you with a +0 flail!
The orc closely misses you.
The orc wizard hits you but does no damage.
The orc wizard gestures wildly while chanting.
The orc wizard seems to speed up.
The orc wizard casts a spell.
The orc wizard flickers and vanishes for a moment.
There is a stone staircase leading up here.
The orc priest invokes the aid of Beogh against you.
Beogh smites you!
* * * LOW HITPOINT WARNING * * *
The orc hits you with a +0 club.
* * * LOW HITPOINT WARNING * * *
You climb upwards.
There is a stone staircase leading down here.
It was a potion of flight.
You feel very buoyant.
You fly up into the air.
The orc hits you with a +0 club.
You die...

##.....## ######.......##
###.............#
########...............#
##......................#
#..............)........#
##..############.........#
.....[# ##.......## .####.##
#@........# ## #..##
#.o.......# ##..#####
#.........#### ##.....#
#............# # #####....#
#..........#.# ####........#
##......(###<#
........##########..)..## #.#
....###..............######.#
...## ###########...........#


You could see an orc.

Vanquished Creatures
  Sigmund (D:2)
  A hungry ghost (D:2)
  An adder (D:2)
  2 worms (D:2)
  A dart slug (D:1)
  A ball python (D:1)
  2 giant cockroaches
  9 goblins
  6 hobgoblins
  2 jackals (D:1)
  5 kobolds (D:1)
  2 quokkas
  9 bats
  2 frilled lizards
  7 rats
51 creatures vanquished.

Notes
Turn   | Place    | Note
-------+----------+-------------------------------------------
     0 | D:1      | PentaManta the Vampire Monk began the quest for the Orb.
     0 | D:1      | Reached XP level 1. HP: 17/17 MP: 1/1
    66 | D:1      | Reached XP level 2. HP: 23/23 MP: 2/2
   436 | D:1      | Reached XP level 3. HP: 29/29 MP: 3/3
   681 | D:2      | Found a shattered altar of Ashenzari.
   714 | D:2      | Reached skill level 4 in Stealth
   821 | D:2      | Found a sparkling altar of Nemelex Xobeh.
   858 | D:2      | Noticed a hungry ghost
   896 | D:2      | Killed a hungry ghost
   896 | D:2      | Reached skill level 5 in Stealth
   896 | D:2      | Reached XP level 4. HP: 23/36 MP: 4/4
   896 | D:2      | Reached XP level 5. HP: 26/41 MP: 5/5
  1010 | D:2      | Found a bloodstained altar of Trog.
  1240 | D:2      | Noticed Sigmund
  1326 | D:2      | Killed Sigmund
  1326 | D:2      | Reached XP level 6. HP: 22/48 MP: 6/6
  1445 | D:3      | HP: 1/48 [orc/+0 club (5)]
  1447 | D:2      | Slain by an orc

Levels and vault maps discovered:
D:1:      dpeg_arrival_subterranean_lakeside_camping, layout_basic
D:2:      layout_rooms, nemelex_xobeh_ov_fountains_minmay,
          overflow_temple_1_default, bloody_trog, uniq_sigmund
D:3:      layout_loops_ring, overflow_temple_1_default,
          nicolae_qazlal_eye_of_the_storm, uniq_grinder

Skill      XL: |  1  2  3  4  5 |
---------------+----------------+-----
Fighting       | 3 4 |  4.0
Stealth        | 5 |  5.9
Short Blades   | 4 |  4.8
Dodging        | 4 |  4.8

Action                   |  1- 3 |  4- 6 || total
-------------------------+-------+-------++-------
Melee: Short sword       |   135 |    58 ||   193
       Bite              |     7 |     7 ||    14
  Use: Potion            |       |     1 ||     1
 Stab: Sleeping          |    15 |     4 ||    19
       Distracted        |       |     1 ||     1
Armor: Robe              |    25 |       ||    25
Dodge: Dodged            |   108 |    31 ||   139
